 Dungeon Crawl Stone Soup version 0.30-a0-359-gd0147acb1a (webtiles) character file.

Game seed: 4747008879504563624

109 Maxmaps the Trooper (level 4, -5/35 HPs)
             Began as an Octopode Monk on Nov 11, 2022.
             Was an Initiate of Gozag.
             Slain by Grinder (6 damage)
             ... on level 3 of the Dungeon.
             The game lasted 00:02:33 (2470 turns).

Maxmaps the Trooper (Octopode Monk)                 Turns: 2470, Time: 00:02:34

Health: -5/35      AC:  1    Str: 10    XL:     4   Next: 90%
Magic:  4/4        EV: 14    Int: 14    God:    Gozag
Gold:   256        SH:  0    Dex: 14    Spells: 3/3 levels left

rFire   . . .      SeeInvis +      - Unarmed
rCold   . . .      Faith    .    (no shield)
rNeg    . . .      Spirit   .    (helmet restricted)
rPois   .          Reflect  .    (no amulet)
rElec   .          Harm     .    g - ring of see invisible
rCorr   .          Rampage  .    (no ring)
Will    .....                    (no ring)
Stlth   +++.......               (no ring)
HPRegen 0.25/turn                (no ring)
MPRegen 0.09/turn                (no ring)
                                 (no ring)
                                 (no ring)

@: no status effects
A: almost no armour, amphibious, 8 rings, camouflage 1, gelatinous body 1,
(nimble swimmer 1), tentacles
a: Renounce Religion, Potion Petition, Call Merchant, Bribe Branch


You were on level 3 of the Dungeon.
You worshipped Gozag.
Gozag was aware of your devotion.
You visited 1 branch of the dungeon, and saw 3 of its levels.

You collected 256 gold pieces.

Inventory:

Jewellery
 d - a ring of ice
 g - a ring of see invisible (left tentacle)
Scrolls
 b - 3 scrolls of identify {unknown}
 e - a scroll of poison {unknown}
 f - a scroll of teleportation {unknown}
 i - 2 scrolls of immolation {unknown}
 k - a scroll of blinking {unknown}
Potions
 a - a potion of ambrosia
 c - 3 potions of degeneration {unknown}
 h - 2 potions of attraction {unknown}
 j - a potion of curing {unknown}


   Skills:
 - Level 5.3 Fighting
 - Level 3.0 Dodging
 - Level 2.6 Stealth
 + Level 3.2 Unarmed Combat


You had 3 spell levels left.
You didn't know any spells.
Your spell library was empty.

Dungeon Overview and Level Annotations

Branches:
Dungeon (3/15)

Altars:
Gozag

Annotations:
D:3 Grinder


Innate Abilities, Weirdness & Mutations

You cannot wear most types of armour.
You are amphibious.
You can wear up to eight rings at the same time.
Your skin changes colour to match your surroundings (Stealth+).
Your rubbery body absorbs attacks. (AC +1, EV +1)
((You are camouflaged when in or above water. (Stealth+)))
You have tentacles for arms and can constrict up to eight enemies at once.


Message History

You tentacle-slap the adder.
The adder is almost dead.
You constrict the adder.
You kill the adder!
You feel sick.
No target in view!
No target in view!
No target in view!
You feel sick.
You feel sick.
You feel sick.
You feel sick.
You are no longer poisoned.
You now have 246 gold pieces (gained 9).
You now have 256 gold pieces (gained 10).
You open the door.
Grinder comes into view.
There is an open door here.
Grinder is nearby!
Grinder is nearby!
Grinder shouts!
Grinder hits you.
You writhe in agony.
Grinder is nearby!
Grinder is nearby!
You tentacle-slap Grinder. You grab Grinder. You squeeze Grinder!
Grinder is moderately wounded.
You constrict Grinder, but do no damage.
Grinder hits you.
You writhe in agony.
You tentacle-slap Grinder.
Grinder is moderately wounded.
You constrict Grinder. Grinder hits you.
You writhe in agony.
You are too injured to fight recklessly!
You are too injured to fight recklessly!
You tentacle-slap Grinder but do no damage.
Grinder is moderately wounded.
You constrict Grinder. Grinder hits you!
* * * LOW HITPOINT WARNING * * *
You writhe in agony.
You die...
Your body crumbles into a pile of gold.

... $ .. #####.### .........#
.. .........# .. .........#
.. .........##
##.###########...........
......5@....+..........#
#.#######'###..........#
######.####..................
..................####.......
..........#.......# #.......
.....####.#.......# #.#..#..
#### ###.#########..#....#..
##b#.# #.P#....#.. #P.#.#
#.P#.#..#.<


You could see Grinder.

Vanquished Creatures
  A hound (D:3)
  3 adders
  A worm (D:2)
  A dart slug (D:2)
  5 bats
  5 endoplasms
  4 giant cockroaches
  6 hobgoblins
  5 kobolds
  2 quokkas
  4 ball pythons
  4 frilled lizards
  6 goblins
  3 rats
50 creatures vanquished.

Vanquished Creatures (others)
  A plant (D:1)
1 creature vanquished.

Grand Total: 51 creatures vanquished

Notes
Turn   | Place    | Note
-------+----------+-------------------------------------------
     0 | D:1      | Maxmaps the Octopode Monk began the quest for the Orb.
     0 | D:1      | Reached XP level 1. HP: 16/16 MP: 1/1
   270 | D:1      | Reached XP level 2. HP: 21/21 MP: 2/2
  1146 | D:2      | Reached skill level 4 in Fighting
  1146 | D:2      | Reached XP level 3. HP: 6/27 MP: 3/3
  1642 | D:2      | Reached XP level 4. HP: 21/34 MP: 4/4
  2008 | D:3      | Reached skill level 5 in Fighting
  2112 | D:3      | Found an opulent altar of Gozag.
  2156 | D:3      | Became a worshipper of Gozag Ym Sagoz the Greedy
  2240 | D:3      | Found a faded altar of an unknown god.
  2465 | D:3      | Noticed Grinder
  2470 | D:3      | HP: 1/35 [Grinder (10)]
  2470 | D:3      | Slain by Grinder

Illustrated notes

Levels and vault maps discovered:
D:1:      dpeg_arrival_connections, layout_basic, serial_bayou_ford_a,
          minmay_tetromino_s4
D:2:      layout_loops_ring, minmay_misc_feat_plants, kennysheep_generic_room_15
D:3:      layout_basic, nzn_overflow_gifts_of_might_and_magic,
          mainiacjoe_overflow_small_starburst, nicolae_ashenzari_skybound,
          nicolae_gozag_cash_rules_everything_around_me, serial_aquarium,
          aquarium_bridge_long_joined [aquarium_subvault_bridge,
          aquarium_subvault_balcony, aquarium_subvault_wall,
          aquarium_subvault_balcony, aquarium_subvault_balcony,
          aquarium_subvault_wall], aquarium_window_2, aquarium_window_2,
          aquarium_window_1, aquarium_window_1, aquarium_view_2b,
          basic_ecumenical_altar, uniq_grinder, uniq_crazy_yiuf_cottage

Skill      XL: |  1  2  3  4 |
---------------+-------------+-----
Fighting       | 4 5 |  5.3
Dodging        | |  3.0
Stealth        | |  2.6
Unarmed Combat | |  3.2

Action                   |  1- 3 |  4- 6 || total
-------------------------+-------+-------++-------
Melee: Unarmed           |    88 |    35 ||   123
       Constrict         |    18 |    10 ||    28
       Punch             |     3 |       ||     3
       Tentacles         |    13 |    10 ||    23
 Stab: Sleeping          |     9 |     3 ||    12
Armor: Skin              |     2 |     4 ||     6
Dodge: Dodged            |    53 |    23 ||    76

Table legend: (Time is in decaauts)
 A = Elapsed time spent in this place.
 B = Non-inter-level travel time spent in this place.
 C = Inter-level travel time spent in this place.
 D = Time resting spent in this place.
 E = Time spent auto-exploring this place.
 F = Levels seen in this place.
 G = Mean time per level.
                   A        B        C        D        E       F      G
               +--------+--------+--------+--------+--------+-----+--------+
         Total |   2462 |   2324 |    138 |    233 |   1739 |   3 |  820.7 |
       Dungeon |   2462 |   2324 |    138 |    233 |   1739 |   3 |  820.7 |
               +--------+--------+--------+--------+--------+-----+--------+

Top non-repeatable levels by time:
     D:1: 1045 daAuts
     D:2: 948 daAuts
     D:3: 468 daAuts
